[Event "Titled Tuesday Blitz March 28 Late 2023"]
[White "Wu, Sibo"]
[Black "Khandelwal, Ankush"]
[WhiteFideId "8606048"]
[BlackFideId "413470"]
[WhiteElo "2283"]
[BlackElo "2263"]
[Result "0-1"]
[Round "06"]
[TimeControl "180+2"]
[Date "2023.03.28"]
[WhiteClock "0:01:04"]
[BlackClock "0:01:12"]

1. d4 Nf6 2. Bf4 g6 3. Nc3 d5 4. e3 Bg7 5. h4 c6 6. Bd3 b5 7. Nf3 b4 8. Ne2 Nbd7 9. Ne5 Nxe5 10. Bxe5 a5 11. Ng3 h5 12. Qe2 Qb6 13. e4 Ba6 14. O-O O-O 15. f4 dxe4 16. Nxe4 Nxe4 17. Bxg7 Ng3 18. Qxe7 Kxg7 19. Qe5+ f6 20. Qe7+ Rf7 21. Qe3 Bxd3 22. Qxd3 0-1


[Site "https://www.chess.com"]

[Event "Titled Tuesday Blitz March 28 Late 2023"]
[White "WindWhistler11"]
[Black "Prieto Aranguren, Alain"]
[BlackFideId "2268906"]
[WhiteElo "2460"]
[BlackElo "2209"]
[Result "1-0"]
[Round "06"]
[TimeControl "180+2"]
[Date "2023.03.28"]
[WhiteClock "0:00:36"]
[BlackClock "0:00:10"]

1. Nf3 g6 2. g3 Bg7 3. Bg2 d6 4. O-O Nd7 5. c4 e5 6. Nc3 Ne7 7. b4 O-O 8. Rb1 a5 9. a3 axb4 10. axb4 Nf5 11. d3 Nd4 12. Nd2 c6 13. e3 Ne6 14. b5 Qc7 15. bxc6 bxc6 16. Nb5 Qb6 17. Nxd6 Qc5 18. N2e4 Qa7 19. Bb2 Qa2 20. Nxc8 Rfxc8 21. Nd6 Rcb8 22. Bxc6 Ra6 23. Ra1 Qxa1 24. Bxa1 Rxc6 25. Nb5 Ndc5 26. Qf3 Ra6 27. d4 e4 28. Qe2 Nd3 29. f3 f5 30. fxe4 fxe4 31. Qg4 Rba8 32. Qxe4 Nb4 33. Bc3 Ng5 34. Qg4 1-0


[Site "https://www.chess.com"]

[Event "Titled Tuesday Blitz March 28 Late 2023"]
[White "Fernandez, Maria Florencia"]
[Black "Fernandez Sanchez, Mario Andres"]
[WhiteFideId "116459"]
[BlackFideId "6501621"]
[WhiteElo "2155"]
[BlackElo "2050"]
[Result "1-0"]
[Round "06"]
[TimeControl "180+2"]
[Date "2023.03.28"]
[WhiteClock "0:00:09"]
[BlackClock "0:01:27"]

1. d4 d5 2. c4 c6 3. Nc3 Nf6 4. Nf3 dxc4 5. a4 Bf5 6. Ne5 e6 7. Nxc4 Nbd7 8. f3 Bg6 9. e4 Be7 10. Be3 O-O 11. Be2 e5 12. d5 Bc5 13. Bxc5 Nxc5 14. dxc6 bxc6 15. Qxd8 Rfxd8 16. Nxe5 Rdb8 17. Ra2 Rc8 18. b4 Ncd7 19. Nxd7 Nxd7 20. O-O a5 21. b5 Nb6 22. Rb1 f5 23. bxc6 Rxc6 24. exf5 Bxf5 25. Rb5 Be6 26. Rab2 Rac8 27. Rxb6 Kf7 28. Rxc6 Rxc6 29. Nb5 Bc4 30. Bxc4+ Rxc4 31. Nd6+ 1-0


[Site "https://www.chess.com"]

[Event "Titled Tuesday Blitz March 28 Late 2023"]
[White "Senthilkumar, Pranav"]
[Black "Muhammad, Shahzeb"]
[WhiteFideId "2083477"]
[BlackFideId "7804806"]
[WhiteElo "1860"]
[BlackElo "2275"]
[Result "1-0"]
[Round "06"]
[TimeControl "180+2"]
[Date "2023.03.28"]
[WhiteClock "0:00:47"]
[BlackClock "0:00:09"]

1. Nf3 b6 2. g3 Bb7 3. Bg2 g6 4. O-O Bg7 5. c4 c5 6. Nc3 Nf6 7. d4 cxd4 8. Qxd4 O-O 9. Qd2 Ne4 10. Nxe4 Bxe4 11. Rd1 d6 12. Qe3 Bc6 13. Rb1 a5 14. Bd2 Nd7 15. Bc3 Nf6 16. b3 Qc7 17. Nd4 Bxg2 18. Kxg2 Ng4 19. Qf3 Bxd4 20. Bxd4 Nh6 21. g4 Qd7 22. h3 f6 23. Bxb6 Nf7 24. Bd4 a4 25. b4 Rfc8 26. c5 Ng5 27. Qd5+ Nf7 28. b5 e6 29. Qf3 e5 30. c6 Qe6 31. b6 e4 32. Qc3 h5 33. b7 hxg4 34. bxa8=Q Rxa8 35. c7 Ng5 36. Rb8+ Kh7 37. Rxa8 gxh3+ 38. Kh1 e3 39. Qxe3 Qd5+ 40. f3 Qxa8 41. Qe7+ Kh6 42. Qxf6 Qe8 43. Qh8+ Qxh8 44. Bxh8 Ne6 45. c8=Q Kh5 46. Qxe6 h2 47. Rd5+ g5 48. Qf6 Kh4 49. Qxg5+ Kh3 50. Bf6 a3 51. Qh4# 1-0


[Site "https://www.chess.com"]

[Event "Titled Tuesday Blitz March 28 Late 2023"]
[White "Dudzinski, Pawel"]
[Black "morozcoma"]
[WhiteFideId "1117890"]
[WhiteElo "2099"]
[BlackElo "2272"]
[Result "1-0"]
[Round "06"]
[TimeControl "180+2"]
[Date "2023.03.28"]
[WhiteClock "0:00:41"]
[BlackClock "0:01:24"]

1. e4 e5 2. Nf3 Nc6 3. d4 exd4 4. Nxd4 Qf6 5. Nxc6 Bc5 6. Qf3 Qxf3 7. gxf3 dxc6 8. Be3 Bb6 9. Nd2 Be6 10. Rg1 g6 11. Bc4 O-O-O 12. Bxe6+ fxe6 13. f4 e5 14. Bxb6 cxb6 15. fxe5 Re8 16. f4 Nh6 17. Ke2 Nf7 18. Nf3 Kc7 19. Rad1 Nd8 20. Ke3 Ne6 21. Ng5 Ng7 22. Rd6 Rhf8 23. Rgd1 Re7 24. c4 Nh5 25. Ne6+ Rxe6 26. Rxe6 Rxf4 27. Re7+ Kc8 28. Rdd7 Rh4 29. Rc7+ Kd8 30. Red7+ Ke8 31. Rxh7 Rh3+ 32. Kf2 Rxh2+ 33. Kg1 Rd2 34. Rh8# 1-0


[Site "https://www.chess.com"]

[Event "Titled Tuesday Blitz March 28 Late 2023"]
[White "Mendez Machado, Andre"]
[Black "Fernandez Garcia, Gumersindo"]
[WhiteFideId "6603793"]
[BlackFideId "24516740"]
[WhiteElo "1984"]
[BlackElo "2093"]
[Result "0-1"]
[Round "06"]
[TimeControl "180+2"]
[Date "2023.03.28"]
[WhiteClock "0:00:07"]
[BlackClock "0:01:30"]

1. e4 Nf6 2. e5 Nd5 3. d4 Nb6 4. c4 d6 5. f4 g6 6. Nc3 Bg7 7. Be3 Be6 8. c5 Nd5 9. Nxd5 Bxd5 10. Nf3 O-O 11. Be2 Nc6 12. O-O f6 13. f5 dxe5 14. fxg6 hxg6 15. Nh4 Bf7 16. d5 Qxd5 17. Qxd5 Bxd5 18. Nxg6 Rfe8 19. Rfd1 Be6 20. Bf3 Kf7 21. Nh4 Rad8 22. Bh5+ Kg8 23. Bxe8 Rxe8 24. a3 f5 25. Bf2 e4 26. Rab1 Ne5 27. Bd4 Bf6 28. Bxe5 Bxe5 29. Ng6 Bf6 30. Nf4 Bb3 31. Rd7 Kf7 32. Nh5 Be5 33. Ng3 Ke6 34. Rd2 e3 35. Re2 f4 36. Nf1 Bc4 37. Ree1 Rd8 38. g3 e2 39. gxf4 exf1=Q+ 40. Rxf1 Bxf1 41. Rxf1 Bxb2 42. Rb1 Rd2 43. h4 Kf5 44. Re1 Bd4+ 45. Kh1 Kxf4 46. c6 Kg3 0-1


[Site "https://www.chess.com"]

[Event "Titled Tuesday Blitz March 28 Late 2023"]
[White "Yeritsyan, Hayk"]
[Black "ritanovikova"]
[WhiteFideId "13307320"]
[WhiteElo "2437"]
[BlackElo "2230"]
[Result "1-0"]
[Round "06"]
[TimeControl "180+2"]
[Date "2023.03.28"]
[WhiteClock "0:00:41"]
[BlackClock "0:00:58"]

1. d4 d5 2. Nf3 Nf6 3. e3 Bf5 4. Bd3 Bxd3 5. Qxd3 e6 6. Qb5+ Nc6 7. Qxb7 Nb4 8. Qb5+ c6 9. Qa4 Qb6 10. Ne5 Qb5 11. Qxb5 cxb5 12. Na3 a6 13. c3 Nd7 14. cxb4 Bxb4+ 15. Bd2 Bxa3 16. bxa3 Nxe5 17. dxe5 Kd7 18. Bb4 f6 19. f4 Rac8 20. Kd2 Rc4 21. Rac1 fxe5 22. Rxc4 dxc4 23. fxe5 Kc6 24. Rf1 Kd5 25. Bd6 Rc8 26. Kc3 Ke4 27. Rf7 g5 28. Rxh7 Kxe3 29. Rg7 Kf4 30. g3+ Kf5 31. Rh7 g4 32. Rf7+ Kg6 33. Rf6+ Kh5 34. Rxe6 a5 35. Rf6 b4+ 36. axb4 axb4+ 37. Bxb4 Ra8 38. a3 Rd8 39. e6 Rd3+ 40. Kxc4 Re3 41. e7 Rxg3 42. hxg3 Kg5 43. Rf4 Kh5 44. e8=Q+ Kh6 45. Rf6+ Kg7 46. Qg6+ 1-0


[Site "https://www.chess.com"]

[Event "Titled Tuesday Blitz March 28 Late 2023"]
[White "Hoffmann, Asa"]
[Black "Araujo, Everson De Moura"]
[WhiteFideId "2001470"]
[BlackFideId "22737197"]
[WhiteElo "2117"]
[BlackElo "2035"]
[Result "1-0"]
[Round "06"]
[TimeControl "180+2"]
[Date "2023.03.28"]
[WhiteClock "0:01:50"]
[BlackClock "0:00:02"]

1. d4 d5 2. Bg5 h6 3. Bh4 Nf6 4. e3 Bf5 5. c4 c6 6. Nc3 e6 7. Qb3 Qb6 8. c5 Qxb3 9. axb3 Be7 10. b4 Na6 11. b5 Nb4 12. Kd2 O-O 13. f3 g5 14. Bg3 Rfd8 15. bxc6 bxc6 16. Ba6 Nxa6 17. Rxa6 Rdc8 18. Nge2 Nh5 19. Bf2 Nf6 20. h4 g4 21. Rha1 Rc7 22. b4 Rb7 23. R1a4 Rab8 24. Rxa7 Rxb4 25. Rxb4 Rxb4 26. Rxe7 Rb2+ 27. Kd1 gxf3 28. gxf3 Kg7 29. Rc7 1-0


[Site "https://www.chess.com"]

[Event "Titled Tuesday Blitz March 28 Late 2023"]
[White "reevecanada"]
[Black "Lopez Perdomo, Juan David"]
[BlackFideId "4405137"]
[WhiteElo "2432"]
[BlackElo "1965"]
[Result "0-1"]
[Round "06"]
[TimeControl "180+2"]
[Date "2023.03.28"]
[WhiteClock "0:00:59"]
[BlackClock "0:00:08"]

1. e4 e6 2. b3 d5 3. Bb2 dxe4 4. Nc3 Nf6 5. g4 h6 6. Bg2 e5 7. h3 Nc6 8. Nxe4 Nxe4 9. Bxe4 Bd7 10. Nf3 Bd6 11. Qe2 Qe7 12. O-O-O O-O-O 13. d4 exd4 14. Nxd4 Nxd4 15. Bxd4 f5 16. gxf5 Rhe8 17. Rhe1 Qg5+ 18. Kb1 Bb4 19. c3 Bxf5 20. Bxf5+ Qxf5+ 21. Qc2 Qxc2+ 22. Kxc2 Rxe1 23. Rxe1 Rxd4 24. cxb4 Rf4 25. Re2 Kd7 26. a3 Rf3 27. h4 Rf4 28. Rd2+ Kc8 29. h5 Rf5 30. Re2 Rxh5 31. Re7 Rg5 32. Rf7 h5 33. Kd3 h4 34. Rf8+ Kd7 35. Rh8 Rg4 36. Ke3 g5 37. Rh7+ Kc6 38. b5+ Kxb5 39. Rxc7 Kb6 40. Rh7 a6 41. Rh5 a5 42. f3 Rg3 43. Kf2 Kc5 44. f4 Kd4 45. fxg5 Kc3 46. Rxh4 Rxg5 47. b4 a4 48. Rh3+ Kb2 49. Ke2 b5 50. Rd3 Rg2+ 51. Ke3 Rg3+ 52. Kd4 Rxd3+ 53. Kxd3 Kxa3 54. Kc3 Ka2 55. Kc2 a3 56. Kc1 Kb3 57. Kb1 Kxb4 58. Ka1 Kb3 59. Kb1 b4 60. Ka1 Ka4 61. Kb1 b3 62. Ka1 Kb4 63. Kb1 Kc3 64. Ka1 b2+ 65. Kb1 a2+ 66. Kxa2 Kc2 67. Ka3 b1=Q 68. Ka4 Kc3 69. Ka3 Qb3# 0-1


[Site "https://www.chess.com"]

[Event "Titled Tuesday Blitz March 28 Late 2023"]
[White "Djordjevic, Dejan N"]
[Black "Kazmaier, Daniel"]
[WhiteFideId "913316"]
[BlackFideId "2606089"]
[WhiteElo "2261"]
[BlackElo "2424"]
[Result "1-0"]
[Round "06"]
[TimeControl "180+2"]
[Date "2023.03.28"]
[WhiteClock "0:00:24"]
[BlackClock "0:00:03"]

1. e4 e6 2. d3 d5 3. Nd2 Nf6 4. Ngf3 Bc5 5. c3 dxe4 6. Nxe4 Nxe4 7. Qa4+ Nd7 8. Qxe4 Nf6 9. Qh4 b6 10. d4 Bd6 11. Bd3 Bb7 12. Qh3 Qd7 13. O-O O-O-O 14. a4 Kb8 15. a5 h6 16. axb6 axb6 17. Re1 g5 18. Ne5 Bxe5 19. Rxe5 g4 20. Qh4 Qc6 21. Bf1 Nd7 22. Re1 Rde8 23. Bf4 f6 24. Bg3 h5 25. Rad1 Ref8 26. c4 Rf7 27. b4 Nf8 28. d5 exd5 29. cxd5 Qa4 30. Bd3 Qxb4 31. d6 Ne6 32. Rxe6 Qb3 33. dxc7+ Kc8 34. Ree1 Rxc7 35. Bxc7 Kxc7 36. Qxf6 Qd5 37. Bf1 Qg8 38. Re7+ Kb8 39. Qxb6 Qc8 40. Qd6+ 1-0


[Site "https://www.chess.com"]

[Event "Titled Tuesday Blitz March 28 Late 2023"]
[White "Svicevic, Rastko"]
[Black "Melikhov, Evgeny V."]
[WhiteFideId "916315"]
[BlackFideId "4122046"]
[WhiteElo "2071"]
[BlackElo "2158"]
[Result "0-1"]
[Round "06"]
[TimeControl "180+2"]
[Date "2023.03.28"]
[WhiteClock "0:00:02"]
[BlackClock "0:00:09"]

1. d4 Nf6 2. Bg5 e6 3. e4 h6 4. Bxf6 Qxf6 5. c3 d5 6. Bd3 c5 7. Nf3 cxd4 8. cxd4 Bb4+ 9. Nc3 Nc6 10. O-O Bxc3 11. bxc3 dxe4 12. Bxe4 Bd7 13. Rb1 b6 14. Ne5 Rc8 15. Nxd7 Kxd7 16. Qa4 Qf4 17. Bxc6+ Rxc6 18. Qxa7+ Qc7 19. Qa4 Rc8 20. h3 Ke7 21. Rfc1 Kf8 22. Rb3 Kg8 23. Qb4 Rc4 24. Qxb6 Qxb6 25. Rxb6 Rxc3 26. Rxc3 Rxc3 27. a4 Rc4 28. a5 Rxd4 29. Rb8+ Kh7 30. a6 Ra4 31. Rb6 Ra2 32. Kh2 e5 33. Kg3 f5 34. Kf3 Ra3+ 35. Ke2 e4 36. Kd2 g5 37. Kc2 f4 38. Kb2 Ra5 39. Rb7+ Kg6 40. a7 e3 41. fxe3 fxe3 42. Kb3 e2 43. Re7 Rxa7 44. Rxe2 Rc7 45. Kb4 Kf5 46. Rf2+ Ke4 47. Rf6 h5 48. Rh6 h4 49. Rg6 Kf5 50. Rd6 Rc2 51. Rd5+ Kf4 52. Rd4+ Kf5 53. Rg4 Rf2 54. Kc3 Rf4 0-1


[Site "https://www.chess.com"]

[Event "Titled Tuesday Blitz March 28 Late 2023"]
[White "Rios Escobar, Adan"]
[Black "Manu_ChessExcelsior"]
[WhiteFideId "3403645"]
[WhiteElo "2416"]
[BlackElo "2115"]
[Result "1-0"]
[Round "06"]
[TimeControl "180+2"]
[Date "2023.03.28"]
[WhiteClock "0:00:31"]
[BlackClock "0:00:01"]

1. d4 d5 2. g3 e6 3. Nf3 Nf6 4. Bg2 Be7 5. O-O O-O 6. c4 dxc4 7. Qc2 a6 8. a4 Bd7 9. Rd1 Bc6 10. Nc3 Nbd7 11. e4 b5 12. d5 exd5 13. e5 Ne4 14. Nxd5 Nec5 15. Nxe7+ Qxe7 16. Ng5 g6 17. Bxc6 Rab8 18. axb5 Nxe5 19. Bg2 axb5 20. Ne4 Ncd3 21. Bh6 Rfe8 22. Bg5 Qb4 23. Nf6+ Kg7 24. Nxe8+ Rxe8 25. Ra7 h6 26. Be3 Re7 27. Bd4 Kh7 28. Qc3 Qd6 29. b4 Nc6 30. Bc5 Qe6 31. Bxc6 Qf5 32. Rxd3 1-0


[Site "https://www.chess.com"]

[Event "Titled Tuesday Blitz March 28 Late 2023"]
[White "Vafin, Ayrat"]
[Black "Oliveira, Tiago Batista"]
[WhiteFideId "4146530"]
[BlackFideId "2108291"]
[WhiteElo "2317"]
[BlackElo "1962"]
[Result "1-0"]
[Round "06"]
[TimeControl "180+2"]
[Date "2023.03.28"]
[WhiteClock "0:00:30"]
[BlackClock "0:00:03"]

1. d4 Nf6 2. Nf3 g6 3. Bg5 Bg7 4. Nbd2 d5 5. Bxf6 Bxf6 6. e4 dxe4 7. Nxe4 Bg7 8. c3 O-O 9. Bd3 Nd7 10. O-O Nf6 11. Ng3 b6 12. Ne5 Bb7 13. h4 Rc8 14. h5 c5 15. hxg6 hxg6 16. Qb3 Qd5 17. Qxd5 Bxd5 18. c4 Bb7 19. d5 Rfd8 20. Rfe1 Nd7 21. f4 b5 22. Rad1 bxc4 23. Bxc4 Nb6 24. b3 Nxd5 25. f5 Bxe5 26. Rxe5 Nc3 27. Rxd8+ Rxd8 28. fxg6 e6 29. gxf7+ Kxf7 30. Rxe6 Kf8 31. Nf5 Rd1+ 32. Kh2 Bd5 33. Rf6+ Ke8 34. Ne3 Rd3 35. Bxd3 1-0


[Site "https://www.chess.com"]

[Event "Titled Tuesday Blitz March 28 Late 2023"]
[White "Dmitrenko, Viktor"]
[Black "Pirvulescu, Ekaterina"]
[WhiteFideId "14110270"]
[BlackFideId "13506374"]
[WhiteElo "2292"]
[BlackElo "2006"]
[Result "1-0"]
[Round "06"]
[TimeControl "180+2"]
[Date "2023.03.28"]
[WhiteClock "0:00:20"]
[BlackClock "0:00:02"]

1. e4 Nf6 2. e5 Nd5 3. d4 d6 4. c4 Nb6 5. f4 dxe5 6. fxe5 c5 7. d5 Bf5 8. Nc3 e6 9. Nf3 exd5 10. cxd5 g6 11. Bg5 Be7 12. Bb5+ N8d7 13. Bxe7 Qxe7 14. d6 Qd8 15. Qe2 O-O 16. O-O-O a6 17. Bd3 Bxd3 18. Rxd3 c4 19. Re3 Nc5 20. Kb1 Ne6 21. Rd1 Qd7 22. Ne4 Kg7 23. Nf6 Qb5 24. Ka1 Rad8 25. Nd4 Nxd4 26. Rxd4 c3 27. Qxb5 axb5 28. Rxc3 Nc4 29. Rcxc4 bxc4 30. d7 h5 31. Rxc4 Kh6 32. h4 g5 33. g3 gxh4 34. gxh4 Ra8 35. b4 Kg6 36. Rf4 Ra6 37. Ne8 1-0


[Site "https://www.chess.com"]

[Event "Titled Tuesday Blitz March 28 Late 2023"]
[White "Aung Thant Zin"]
[Black "Martin Barcelo, Carles"]
[WhiteFideId "13000063"]
[BlackFideId "24561444"]
[WhiteElo "2278"]
[BlackElo "2089"]
[Result "0-1"]
[Round "06"]
[TimeControl "180+2"]
[Date "2023.03.28"]
[WhiteClock "0:00:01"]
[BlackClock "0:00:13"]

1. e4 e6 2. d4 d5 3. Nc3 dxe4 4. Nxe4 Nd7 5. Nf3 Ngf6 6. Bg5 Be7 7. Nxf6+ Bxf6 8. Bxf6 Nxf6 9. Bd3 c5 10. Bb5+ Bd7 11. Bxd7+ Nxd7 12. O-O O-O 13. Qe2 cxd4 14. Nxd4 Qb6 15. c3 Nf6 16. Rad1 Rfd8 17. h3 a6 18. Nf3 h6 19. Ne5 Qc5 20. Kh1 Rd5 21. Nd3 Qc4 22. Nc1 Qxe2 23. Nxe2 Rad8 24. Rd4 e5 25. Rb4 Rd2 26. Ng3 R8d7 27. a4 Rc2 28. Rb6 h5 29. Nf5 Ne4 30. Kg1 g6 31. Ne3 Re2 32. Nc4 Nc5 33. a5 Kf8 34. b4 Na4 35. Rd6 Rc7 36. Nb6 Nxc3 37. Rd8+ Ke7 38. Rb8 Rb2 39. Kh2 Rxb4 40. Rc1 Rb5 0-1


[Site "https://www.chess.com"]

[Event "Titled Tuesday Blitz March 28 Late 2023"]
[White "Zavortink, Matt"]
[Black "Di Berardino, Diego Rafael"]
[WhiteFideId "2034263"]
[BlackFideId "2105446"]
[WhiteElo "2382"]
[BlackElo "2432"]
[Result "0-1"]
[Round "06"]
[TimeControl "180+2"]
[Date "2023.03.28"]
[WhiteClock "0:00:07"]
[BlackClock "0:00:34"]

1. c4 e5 2. Nc3 Nf6 3. Nf3 Nc6 4. e4 Bb4 5. d3 d6 6. a3 Bxc3+ 7. bxc3 a6 8. g3 Rb8 9. a4 a5 10. Bg2 O-O 11. O-O Nd7 12. d4 Re8 13. Re1 h6 14. Ba3 b6 15. Rb1 Ba6 16. Qb3 Nf6 17. dxe5 Nxe5 18. Nxe5 dxe5 19. Rbd1 Qc8 20. Rd5 Nxd5 21. cxd5 Qd7 22. c4 c6 23. Rd1 cxd5 24. exd5 Rec8 25. Bf1 Qg4 26. f3 Bxc4 27. Bxc4 Qxc4 28. Qe3 Qxa4 29. d6 Qxd1+ 0-1


[Site "https://www.chess.com"]

[Event "Titled Tuesday Blitz March 28 Late 2023"]
[White "Zeynalli, Rashad"]
[Black "Eggleston, Thomas A"]
[WhiteFideId "13403320"]
[BlackFideId "412139"]
[WhiteElo "2125"]
[BlackElo "2155"]
[Result "1-0"]
[Round "06"]
[TimeControl "180+2"]
[Date "2023.03.28"]
[WhiteClock "0:00:22"]
[BlackClock "0:00:16"]

1. e4 e6 2. d4 d5 3. Nc3 Nf6 4. Bg5 dxe4 5. Nxe4 Be7 6. Bxf6 gxf6 7. Nf3 f5 8. Nc3 a6 9. g3 b5 10. Bg2 Bb7 11. Qe2 b4 12. Na4 Nd7 13. O-O-O Bd5 14. Kb1 c6 15. b3 Qa5 16. Rhg1 Qb5 17. Qe3 c5 18. Bf1 Qb7 19. Ne5 cxd4 20. Rxd4 Nxe5 21. Qxe5 O-O-O 22. Bc4 Bd6 23. Qe2 Bxc4 24. Qxc4+ Kb8 25. Rgd1 Rc8 26. Qe2 Be7 27. Rd7 Qb5 28. Qe3 Rhd8 29. Qa7# 1-0


[Site "https://www.chess.com"]

[Event "Titled Tuesday Blitz March 28 Late 2023"]
[White "Defend1r"]
[Black "Skibbe, Willi"]
[BlackFideId "4682190"]
[WhiteElo "2532"]
[BlackElo "2315"]
[Result "1-0"]
[Round "06"]
[TimeControl "180+2"]
[Date "2023.03.28"]
[WhiteClock "0:00:30"]
[BlackClock "0:00:01"]

1. e4 e6 2. d4 d5 3. Nc3 Nf6 4. e5 Nfd7 5. f4 c5 6. Nf3 Nc6 7. Ne2 Be7 8. c3 O-O 9. g3 Qb6 10. Bh3 f5 11. exf6 Nxf6 12. O-O cxd4 13. cxd4 Ne4 14. Kg2 Bd7 15. b3 Rae8 16. Be3 Bd6 17. Bg1 Qc7 18. Rc1 Qb8 19. Ne5 Bxe5 20. fxe5 Rxf1 21. Qxf1 Rf8 22. Qd1 Qe8 23. Nf4 g5 24. Nh5 Qf7 25. Bg4 Ne7 26. Qe2 Nf5 27. Rf1 Qg6 28. Bf3 Bc6 29. h3 Ng7 30. Nxg7 Kxg7 31. Bg4 Bd7 32. Rxf8 Kxf8 33. Qc2 Ke7 34. Be3 h5 35. Bf3 g4 36. hxg4 hxg4 37. Bxe4 dxe4 38. Qf2 Bc6 39. Qf4 Qh5 40. Qf6+ Kd7 41. Qg7+ Kc8 42. Qf8+ Kc7 43. Qd6+ Kc8 44. Qxe6+ Bd7 45. Qc4+ Kd8 46. Qg8+ Kc7 47. Bf4 Qh3+ 48. Kg1 Kb6 49. Qd5 Bc6 50. Qc5+ Ka6 51. e6 e3 52. d5 Bb5 53. Qa3+ Kb6 54. Bxe3+ Kc7 55. Qc5+ Bc6 56. Bf4+ Kd8 57. Qf8+ Be8 58. Qd6+ Kc8 59. Qc7# 1-0


[Site "https://www.chess.com"]

[Event "Titled Tuesday Blitz March 28 Late 2023"]
[White "Santos Flores, Alberto"]
[Black "Kohler, Aran"]
[WhiteFideId "3601234"]
[BlackFideId "1002856"]
[WhiteElo "2235"]
[BlackElo "2301"]
[Result "0-1"]
[Round "06"]
[TimeControl "180+2"]
[Date "2023.03.28"]
[WhiteClock "0:00:30"]
[BlackClock "0:00:21"]

1. e4 c5 2. Nf3 d6 3. Bb5+ Nc6 4. Bxc6+ bxc6 5. O-O Bg4 6. h3 Bh5 7. d3 e5 8. Nc3 Be7 9. g4 Bg6 10. Kg2 Nf6 11. Be3 Qc7 12. Nd2 d5 13. g5 Nh5 14. exd5 Nf4+ 15. Bxf4 exf4 16. Nde4 O-O 17. Qg4 Rad8 18. dxc6 Qxc6 19. Rae1 f5 20. gxf6 Bxf6 21. Qf3 Bd4 22. Nd2 Qb6 23. Nc4 Qa6 24. a3 Bxc3 25. bxc3 Bf7 26. Kh2 Bxc4 27. dxc4 Qxc4 28. Rg1 Kh8 29. Re7 Rf7 30. Rxf7 Qxf7 31. Rg4 Rf8 32. Kg2 h6 33. Qe4 g5 34. h4 Qf5 35. Qxf5 Rxf5 36. Kf3 Kh7 37. hxg5 hxg5 38. Rg1 Kg6 39. Rd1 Kh5 40. Rh1+ Kg6 41. c4 Re5 42. Rd1 Kf5 43. Rd7 g4+ 44. Kg2 Re2 45. Rf7+ Kg5 46. Kg1 Rxc2 47. Rxa7 Rxc4 48. a4 f3 49. a5 Rc1+ 50. Kh2 Rf1 51. Rg7+ Kf4 52. Rf7+ Kg5 53. Rg7+ Kf5 54. Kg3 Rg1+ 55. Kh4 Rh1+ 56. Kg3 Rh3# 0-1


[Site "https://www.chess.com"]

[Event "Titled Tuesday Blitz March 28 Late 2023"]
[White "Sarkar, Justin"]
[Black "Foerster-Yialamas, Lucas"]
[WhiteFideId "2010011"]
[BlackFideId "30901774"]
[WhiteElo "2189"]
[BlackElo "2067"]
[Result "0-1"]
[Round "06"]
[TimeControl "180+2"]
[Date "2023.03.28"]
[WhiteClock "0:00:01"]
[BlackClock "0:00:09"]

1. d4 Nf6 2. c4 g6 3. Nc3 d5 4. Bf4 Bg7 5. e3 O-O 6. Rc1 a6 7. Nf3 Bg4 8. Qb3 dxc4 9. Qxb7 Bxf3 10. Qxf3 Nbd7 11. Bxc4 Nb6 12. Bb3 e6 13. O-O Qd7 14. Be5 Ne8 15. Ne4 Qe7 16. Rfd1 Nd5 17. Bxg7 Kxg7 18. Nc5 Nef6 19. Bc4 Nb6 20. Bxa6 Nfd7 21. Bb5 Nxc5 22. dxc5 Nd5 23. Bc6 Rxa2 24. Bxd5 exd5 25. Qxd5 Rxb2 26. Qd4+ Qf6 27. Qxf6+ Kxf6 28. Rd7 Rc8 29. g4 h6 30. h3 g5 31. c6 Ke6 32. Kg2 f5 33. Rc4 Rf8 34. gxf5+ Rxf5 35. Kg3 Rfxf2 36. Re4+ Kf5 0-1


[Site "https://www.chess.com"]

[Event "Titled Tuesday Blitz March 28 Late 2023"]
[White "Liu, Casper"]
[Black "Fajdetic, Hrvoje"]
[WhiteFideId "1454153"]
[BlackFideId "14501945"]
[WhiteElo "2221"]
[BlackElo "2185"]
[Result "0-1"]
[Round "06"]
[TimeControl "180+2"]
[Date "2023.03.28"]
[WhiteClock "0:00:29"]
[BlackClock "0:00:02"]

1. d4 d5 2. c4 e6 3. Nc3 f5 4. e4 dxe4 5. f3 e3 6. Bxe3 Nf6 7. Bd3 Nbd7 8. Qc2 c5 9. O-O-O cxd4 10. Bxd4 Qa5 11. Nh3 Bc5 12. Bxc5 Nxc5 13. Kb1 Nxd3 14. Qxd3 O-O 15. Nf4 e5 16. Nfd5 Be6 17. b4 Qd8 18. Rhe1 e4 19. Qd4 a5 20. b5 Rc8 21. Kb2 Bxd5 22. cxd5 Qd6 23. fxe4 Rxc3 24. Qxc3 Nxe4 25. Qd4 Rc8 26. Rc1 Rc5 27. Rxc5 Nxc5 28. Re5 Nd3+ 29. Qxd3 Qxe5+ 30. Ka3 Qf4 31. Kb3 Qd6 32. Kc4 Qb4# 0-1


[Site "https://www.chess.com"]

[Event "Titled Tuesday Blitz March 28 Late 2023"]
[White "OKEKE, Isaac Chukwudalu"]
[Black "Lorenzo De La Riva, Lazaro"]
[WhiteFideId "8508526"]
[BlackFideId "2268809"]
[WhiteElo "2161"]
[BlackElo "2294"]
[Result "1/2-1/2"]
[Round "06"]
[TimeControl "180+2"]
[Date "2023.03.28"]
[WhiteClock "0:00:24"]
[BlackClock "0:00:50"]

1. e4 c6 2. d4 d5 3. e5 c5 4. dxc5 e6 5. Nf3 Bxc5 6. Bd3 Nc6 7. a3 a5 8. O-O Nge7 9. Qe2 Ng6 10. Bxg6 fxg6 11. c4 d4 12. Rd1 O-O 13. Nc3 a4 14. Ne4 b6 15. Bg5 Qc7 16. Ng3 Bb7 17. Qe4 Ne7 18. Qg4 Nf5 19. Nxf5 Rxf5 20. Nxd4 Bxd4 21. Rxd4 Qxe5 22. Be3 Raf8 23. Rad1 Qc7 24. Rd7 Qc6 25. R1d6 Qc8 26. Re7 R8f7 27. Rxf7 Kxf7 28. Qd4 Bc6 29. Qxb6 Be8 30. Qa7+ Kg8 31. Qe7 Rf7 32. Qxe6 Qxe6 33. Rxe6 Bd7 34. Rb6 Rf8 35. c5 Rc8 36. Rb7 Bc6 37. Ra7 Rb8 38. Bd4 Rb7 39. Rxb7 Bxb7 40. f3 Kf7 41. Kf2 Ke6 42. Bxg7 Kd5 43. Ke3 Kxc5 44. Kf4 Kd5 45. Kg5 Ba6 46. Kh6 Ke6 47. Kxh7 Kf7 48. Bc3 Bf1 49. g3 Bg2 50. f4 Be4 51. Kh6 Bf3 52. Kg5 Be4 53. g4 Bf3 54. h4 Be2 55. f5 gxf5 56. Kxf5 Bd3+ 57. Kf4 Kg8 58. h5 Be2 59. Kg3 Kf7 60. Kh4 Bd1 61. g5 Ke6 62. g6 Kf5 63. g7 Bb3 64. Kg3 Kg5 65. Kf3 Kxh5 66. Ke4 Kg6 67. Kd3 Kf7 68. Bd4 Kg8 69. Kc3 Bd1 70. Kb4 Bb3 71. Bc3 Kf7 72. Kc5 Kg8 73. Kd6 Kf7 74. Kd7 Kg8 75. Kc6 Kf7 76. Kd7 Kg8 77. Ke8 Bc2 78. Ke7 Bb3 79. Kf6 Bc2 1/2-1/2


[Site "https://www.chess.com"]

[Event "Titled Tuesday Blitz March 28 Late 2023"]
[White "Goraj, Barbara"]
[Black "Bongo Akanga Ndjila, Barthelemy"]
[WhiteFideId "21816166"]
[BlackFideId "10609431"]
[WhiteElo "2074"]
[BlackElo "1768"]
[Result "1-0"]
[Round "06"]
[TimeControl "180+2"]
[Date "2023.03.28"]
[WhiteClock "0:00:31"]
[BlackClock "0:01:05"]

1. d4 d5 2. Nf3 e6 3. c4 a6 4. Nc3 dxc4 5. a4 Nc6 6. e4 Na5 7. Bf4 Bb4 8. Be2 Nf6 9. Qc2 Nb3 10. Rd1 b5 11. O-O Bxc3 12. bxc3 h6 13. Ne5 Bb7 14. Bf3 O-O 15. h3 Qc8 16. d5 exd5 17. exd5 Rd8 18. Nc6 Bxc6 19. dxc6 Rxd1 20. Rxd1 Nc5 21. Be5 Nh7 22. Bd5 Nd3 23. Bd4 Qf5 24. Bf3 Ng5 25. Bg4 Qe4 26. Qb1 g6 27. axb5 axb5 28. Qxb5 f5 29. Qxc4+ Kh7 30. Bf3 Nxf3+ 31. gxf3 Qxf3 32. Qf7# 1-0


[Site "https://www.chess.com"]